[Event "Titled Tuesday Blitz December 7 2021"]
[White "Toncheva, Nadya"]
[Black "Kim, Sergey"]
[WhiteFideId "2924056"]
[BlackFideId "13700570"]
[WhiteElo "1920"]
[BlackElo "2599"]
[Result "0-1"]
[Round "05"]
[TimeControl "180+1"]
[Date "2021.12.07"]
[WhiteClock "0:00:03"]
[BlackClock "0:00:02"]

1. e4 e5 2. Nf3 Nc6 3. Bb5 a6 4. Ba4 Nf6 5. O-O b5 6. Bb3 Bc5 7. c3 d6 8. d4 Bb6 9. Re1 h6 10. h3 O-O 11. Be3 Re8 12. Nbd2 Bb7 13. d5 Ne7 14. Bxb6 cxb6 15. Nf1 Ng6 16. g3 Bc8 17. Kh2 Bd7 18. a4 bxa4 19. Bxa4 b5 20. Bc2 Nh7 21. Ne3 Rf8 22. Qe2 Ng5 23. h4 Nh7 24. Nf5 Bxf5 25. exf5 Ne7 26. Red1 Nf6 27. Be4 Qd7 28. Qc2 Nxe4 29. Qxe4 Nxf5 30. b3 Ne7 31. c4 f5 32. Qe2 f4 33. Rac1 fxg3+ 34. fxg3 bxc4 35. Rxc4 Qf5 36. Kg2 Ng6 37. Nh2 Rae8 38. Rf1 Qd7 39. Rfc1 Qb5 40. Qd3 e4 41. Qd4 e3 42. Rc7 Qe2+ 43. Kh3 Ne5 44. Qe4 Nf3 45. Nxf3 Rxe4 46. Ng1 Qf2 47. Rd7 Qf5+ 48. Kh2 Qxd7 0-1


[Site "https://www.chess.com"]

[Event "Titled Tuesday Blitz December 7 2021"]
[White "Topalov, Aleksandar"]
[Black "Mustafayev, Farid"]
[WhiteFideId "925659"]
[BlackFideId "13408771"]
[WhiteElo "2179"]
[BlackElo "2091"]
[Result "0-1"]
[Round "05"]
[TimeControl "180+1"]
[Date "2021.12.07"]
[WhiteClock "0:00:02"]
[BlackClock "0:00:19"]

1. b3 d5 2. Bb2 c5 3. e3 Nc6 4. Bb5 f6 5. d4 cxd4 6. exd4 Bf5 7. Nf3 e6 8. O-O g5 9. c4 Bd6 10. Nc3 Ne7 11. Re1 a6 12. Ba4 O-O 13. a3 Na5 14. c5 Bb8 15. b4 Nc4 16. Bc1 Qc7 17. g3 Bg4 18. Qd3 h5 19. Bc2 Bf5 20. Qd1 Bg4 21. Qd3 Bf5 22. Qd1 Qd7 23. Bxf5 Nxf5 24. h3 h4 25. g4 Ne7 26. Qd3 Kg7 27. Bd2 Ng6 28. Bc1 Bc7 29. Re2 Rae8 30. Raa2 Bf4 31. Re1 Bxc1 32. Rxc1 Nf4 33. Qf1 e5 34. dxe5 fxe5 35. Rd1 e4 36. Qxc4 Nxh3+ 37. Kh2 Rxf3 38. Qd4+ Kh6 39. Nxd5 Qxg4 40. Rg1 Qxg1# 0-1


[Site "https://www.chess.com"]

[Event "Titled Tuesday Blitz December 7 2021"]
[White "Vakhlamov, Igor L."]
[Black "Villalba, Marcelo"]
[WhiteFideId "24126748"]
[BlackFideId "3701859"]
[WhiteElo "2416"]
[BlackElo "2160"]
[Result "1-0"]
[Round "05"]
[TimeControl "180+1"]
[Date "2021.12.07"]
[WhiteClock "0:00:04"]
[BlackClock "0:00:03"]

1. e4 e5 2. Nf3 Nc6 3. Nc3 Nf6 4. Bb5 Nd4 5. Bc4 Nxf3+ 6. gxf3 Bc5 7. Rg1 Rg8 8. d3 d6 9. f4 Be6 10. Bxe6 fxe6 11. fxe5 dxe5 12. Be3 Qd6 13. Qe2 O-O-O 14. O-O-O Bd4 15. Nb5 Qa6 16. Na3 b5 17. Kb1 Qa4 18. Qd2 Rd6 19. c3 Bb6 20. Qc2 Qa5 21. Qb3 a6 22. Bxb6 Qxb6 23. Rg2 g6 24. f3 Rgd8 25. Qc2 c5 26. Rgd2 Nh5 27. d4 exd4 28. cxd4 c4 29. b3 Kb8 30. Ka1 Rxd4 31. bxc4 Rxd2 32. Rxd2 Rxd2 33. Qxd2 b4 34. Nc2 e5 35. Qxb4 Qxb4 36. Nxb4 Kb7 37. Nd3 Nf4 38. Nxf4 exf4 39. h4 h6 40. Kb2 g5 41. hxg5 hxg5 42. Kc3 Kc6 43. Kd4 Kd6 44. c5+ Ke6 45. a4 a5 46. Kc4 Ke5 47. Kd3 Ke6 48. Kd4 Ke7 49. e5 Kd7 50. Ke4 Ke6 51. c6 Ke7 52. Kf5 1-0


[Site "https://www.chess.com"]

[Event "Titled Tuesday Blitz December 7 2021"]
[White "Vovk, Orest"]
[Black "Fawzy, Adham"]
[WhiteFideId "14113490"]
[BlackFideId "10613129"]
[WhiteElo "2203"]
[BlackElo "2508"]
[Result "0-1"]
[Round "05"]
[TimeControl "180+1"]
[Date "2021.12.07"]
[WhiteClock "0:00:04"]
[BlackClock "0:01:21"]

1. e4 c5 2. Nf3 Nc6 3. c3 Nf6 4. e5 Nd5 5. d4 cxd4 6. cxd4 d6 7. Be2 dxe5 8. dxe5 Bg4 9. O-O e6 10. h3 Bh5 11. Nc3 Nxc3 12. bxc3 Be7 13. Be3 Qc7 14. Qa4 O-O 15. Qe4 Rad8 16. Rfd1 b6 17. Bd4 Na5 18. Bd3 Bg6 19. Qe2 Bxd3 20. Qxd3 Qc4 21. Qxc4 Nxc4 22. a4 Rd5 23. Rdb1 Rc8 24. Rb5 Rd7 25. Ra2 Na5 26. Nd2 Nc6 27. Nb3 Bd8 28. g3 a6 29. Rxb6 Nxd4 30. Rb4 Nxb3 31. Rxb3 a5 32. Rab2 Rdc7 33. Rb8 Rxc3 34. Rxc8 Rxc8 35. Rb7 Kf8 36. Kg2 Be7 37. Ra7 Bb4 38. f4 g6 39. g4 Rc4 40. Kg3 Bd2 41. f5 exf5 42. gxf5 gxf5 43. Ra8+ Kg7 44. Ra7 Re4 45. Rd7 Bc3 0-1


[Site "https://www.chess.com"]

[Event "Titled Tuesday Blitz December 7 2021"]
[White "Vypkhaniuk, Ihor"]
[Black "Bortnyk, Olexandr"]
[WhiteFideId "14112256"]
[BlackFideId "14120828"]
[WhiteElo "2327"]
[BlackElo "2723"]
[Result "0-1"]
[Round "05"]
[TimeControl "180+1"]
[Date "2021.12.07"]
[WhiteClock "0:00:01"]
[BlackClock "0:00:34"]

1. d4 d6 2. Nf3 Nf6 3. c4 g6 4. Nc3 Bf5 5. Nh4 Bd7 6. Nf3 Bg7 7. e4 O-O 8. Be2 a6 9. O-O b5 10. e5 dxe5 11. Nxe5 b4 12. Bf3 Ra7 13. Ne2 Qc8 14. Be3 Ng4 15. Nxg4 Bxg4 16. Bxg4 Qxg4 17. d5 Rb7 18. Bd4 e5 19. dxe6 Qxe6 20. Bxg7 Kxg7 21. Qd4+ Qf6 22. Rad1 Qxd4 23. Nxd4 c5 24. Nb3 Nd7 25. Rd5 Rc7 26. Rfd1 Re8 27. Kf1 Nb6 28. Rxc5 Rce7 29. Rc6 Na4 30. Rxa6 Nxb2 31. Rb1 Nd3 32. g3 Re2 33. Kg1 Nxf2 34. Rf1 Nh3+ 35. Kh1 R8e7 36. Nd4 Rb2 37. Raf6 Rxa2 38. c5 Rd2 39. Nc6 Ree2 40. Rxf7+ Kh6 0-1


[Site "https://www.chess.com"]

[Event "Titled Tuesday Blitz December 7 2021"]
[White "Walter, Szymon"]
[Black "Saraci, Nderim"]
[WhiteFideId "1172590"]
[BlackFideId "6351921"]
[WhiteElo "2227"]
[BlackElo "2479"]
[Result "1-0"]
[Round "05"]
[TimeControl "180+1"]
[Date "2021.12.07"]
[WhiteClock "0:00:17"]
[BlackClock "0:00:04"]

1. Nf3 Nf6 2. g3 g6 3. Bg2 Bg7 4. O-O O-O 5. b3 d5 6. Bb2 b6 7. d3 Bb7 8. c4 c5 9. Nbd2 Nc6 10. cxd5 Qxd5 11. Ne5 Qd6 12. Ndc4 Qc7 13. f4 Nxe5 14. Bxe5 Qd7 15. Qc2 Rad8 16. a4 Bxg2 17. Kxg2 Qe6 18. e4 Ng4 19. Bxg7 Kxg7 20. Qc3+ Qf6 21. Qxf6+ Nxf6 22. Rfd1 Rd4 23. a5 b5 24. Ne5 Rc8 25. Kf3 a6 26. Rac1 Nd7 27. Nxd7 Rxd7 28. d4 c4 29. bxc4 bxc4 30. Rc3 f5 31. d5 Rc5 32. Rd4 fxe4+ 33. Kxe4 Rxa5 34. Rcxc4 Ra2 35. h4 h5 36. Ra4 Rxa4 37. Rxa4 Rd6 38. Ke5 Kf7 39. f5 Rf6 40. fxg6+ Rxg6 41. Kf5 Rxg3 42. Rxa6 Rg4 43. Rh6 Rxh4 44. Rh7+ Kf8 45. Ke6 Rh1 46. Rf7+ Kg8 47. Rxe7 h4 48. d6 Re1+ 49. Kf6 Rf1+ 50. Kg5 Rd1 51. d7 h3 52. Re8+ Kf7 53. d8=Q Rxd8 54. Rxd8 1-0


[Site "https://www.chess.com"]

[Event "Titled Tuesday Blitz December 7 2021"]
[White "Weetik, Vjacheslav"]
[Black "Wadsworth, Matthew J"]
[WhiteFideId "4153472"]
[BlackFideId "415804"]
[WhiteElo "2469"]
[BlackElo "2293"]
[Result "0-1"]
[Round "05"]
[TimeControl "180+1"]
[Date "2021.12.07"]
[WhiteClock "0:00:03"]
[BlackClock "0:00:14"]

1. d4 Nf6 2. Bf4 c5 3. e3 Qb6 4. Na3 d6 5. Nc4 Qc7 6. a4 Be6 7. b3 Nbd7 8. Nf3 Nb6 9. Nxb6 Qxb6 10. Bb5+ Bd7 11. Bc4 g6 12. O-O Bg7 13. h3 O-O 14. a5 Qc7 15. Re1 b5 16. axb6 axb6 17. Rxa8 Rxa8 18. Qd3 Qb7 19. Bb5 Bxb5 20. Qxb5 Nd5 21. Bg3 Nc3 22. Qd3 Ne4 23. Bh4 d5 24. c4 e6 25. Nd2 Nxd2 26. Qxd2 dxc4 27. bxc4 cxd4 28. exd4 Qc6 29. Qd3 Rc8 30. Rc1 Qd6 31. Rd1 Qc7 32. Rc1 Qf4 0-1


[Site "https://www.chess.com"]

[Event "Titled Tuesday Blitz December 7 2021"]
[White "Xiong, Jeffery"]
[Black "Babazada, Khazar"]
[WhiteFideId "2047640"]
[BlackFideId "13413554"]
[WhiteElo "2727"]
[BlackElo "2302"]
[Result "1-0"]
[Round "05"]
[TimeControl "180+1"]
[Date "2021.12.07"]
[WhiteClock "0:01:12"]
[BlackClock "0:00:59"]

1. d4 d5 2. c4 e6 3. Nf3 Be7 4. Nc3 Nf6 5. Bf4 O-O 6. a3 c6 7. e3 Nbd7 8. Bd3 b6 9. O-O Bb7 10. Rc1 Rc8 11. h3 Re8 12. Qe2 g6 13. Rfd1 Nh5 14. Bh2 f5 15. b4 Ndf6 16. c5 b5 17. a4 a6 18. Ra1 Ne4 19. Qb2 Bf6 20. Ne2 g5 21. axb5 cxb5 22. Ne5 Rf8 23. f3 g4 24. hxg4 fxg4 25. fxe4 Bxe5 26. dxe5 Qh4 27. g3 Qh3 28. Nf4 Nxf4 29. exf4 dxe4 30. Bf1 1-0


[Site "https://www.chess.com"]

[Event "Titled Tuesday Blitz December 7 2021"]
[White "Yurovskykh, Oleksandr"]
[Black "Krivonosov, Oleg"]
[WhiteFideId "14134020"]
[BlackFideId "11600349"]
[WhiteElo "2292"]
[BlackElo "2469"]
[Result "1-0"]
[Round "05"]
[TimeControl "180+1"]
[Date "2021.12.07"]
[WhiteClock "0:00:16"]
[BlackClock "0:00:11"]

1. d4 d5 2. Bf4 Nf6 3. e3 e6 4. Nd2 c5 5. c3 Bd6 6. Bg3 Nc6 7. Ngf3 O-O 8. Bb5 Ne7 9. Bd3 b6 10. e4 Bxg3 11. hxg3 h6 12. e5 Ne8 13. g4 Ng6 14. g3 cxd4 15. cxd4 a5 16. Qe2 Nc7 17. Qe3 Ba6 18. Bxa6 Nxa6 19. a3 f6 20. O-O fxe5 21. Nxe5 Nxe5 22. Qxe5 Qf6 23. Rae1 Qxe5 24. Rxe5 Rfe8 25. Rfe1 Kf7 26. Nb1 Nb8 27. Rc1 Nd7 28. Re2 Rac8 29. Rec2 Rxc2 30. Rxc2 e5 31. Nc3 Nf6 32. dxe5 Rxe5 33. Rd2 Ke6 34. f3 h5 35. gxh5 Rxh5 36. Ne2 Kd6 37. Nd4 Re5 38. Kf2 g5 39. g4 Kc5 40. Nf5 Re8 41. Rc2+ 1-0


[Site "https://www.chess.com"]

[Event "Titled Tuesday Blitz December 7 2021"]
[White "Zarubitski, Viachaslau"]
[Black "Volkov, Maksim"]
[WhiteFideId "13509373"]
[BlackFideId "54123070"]
[WhiteElo "2325"]
[BlackElo "2081"]
[Result "0-1"]
[Round "05"]
[TimeControl "180+1"]
[Date "2021.12.07"]
[WhiteClock "0:00:03"]
[BlackClock "0:00:13"]

1. Nf3 d5 2. g3 Bg4 3. Bg2 Nf6 4. O-O e6 5. c4 c6 6. d3 Nbd7 7. b3 Bd6 8. Bb2 O-O 9. Nbd2 e5 10. h3 Bh5 11. g4 Bg6 12. Nh4 Re8 13. cxd5 cxd5 14. Rc1 Qa5 15. a3 Rac8 16. b4 Qb5 17. Nb1 d4 18. Nd2 Nd5 19. Nc4 Be7 20. Nxg6 hxg6 21. a4 Qc6 22. Nxe5 Qe6 23. Nxd7 Qxd7 24. Bxd4 Nf4 25. Bxa7 Rxc1 26. Qd2 Rxf1+ 27. Bxf1 Qxa4 28. Bd4 Ne6 29. Bc3 Bf6 30. d4 Rd8 31. e3 Ng5 32. Bg2 Qb3 33. f4 Qb1+ 34. Qe1 Qxe1+ 35. Bxe1 Ne6 36. g5 Bxd4 37. exd4 b6 38. Bg3 Rxd4 39. b5 Rb4 40. Bc6 Nd4 41. Bf2 Nxc6 42. bxc6 Rc4 43. Bxb6 Rxc6 44. Bd4 Rc2 45. Kf1 Kf8 46. Be5 Ra2 47. Kg1 Ra6 48. Kg2 f6 49. gxf6 gxf6 50. Bd4 Kf7 51. Kg3 Ke6 52. Kg4 Ra2 53. Be3 Rg2+ 54. Kf3 Rc2 55. Kg4 Rc3 56. Bd2 Rd3 57. Bc1 f5+ 58. Kh4 Rf3 59. Bd2 Kd5 60. Kg5 Rg3+ 61. Kf6 Ke4 62. h4 Kf3 63. Bc1 Rg4 64. h5 gxh5 65. Kxf5 h4 66. Ke5 h3 67. f5 h2 68. f6 h1=Q 69. f7 Re4+ 70. Kd5 Qh8 71. Ba3 Rf4 72. Ke6 Qf6+ 0-1


[Site "https://www.chess.com"]

[Event "Titled Tuesday Blitz December 7 2021"]
[White "Zhuravleva, Olga"]
[Black "Nazaretyan, Tigran"]
[WhiteFideId "4145933"]
[BlackFideId "24162345"]
[WhiteElo "2119"]
[BlackElo "2192"]
[Result "1-0"]
[Round "05"]
[TimeControl "180+1"]
[Date "2021.12.07"]
[WhiteClock "0:00:34"]
[BlackClock "0:00:13"]

1. e4 c5 2. Nf3 Nc6 3. Nc3 d6 4. d4 cxd4 5. Nxd4 Nf6 6. Nb3 e5 7. Bd3 Be7 8. O-O O-O 9. Kh1 a5 10. a3 a4 11. Nd2 Nd4 12. Nc4 Bg4 13. f3 Be6 14. Ne3 Qd7 15. Qe1 Rfc8 16. Bd2 b5 17. Rd1 Qb7 18. Bc1 Kh8 19. f4 b4 20. axb4 Qxb4 21. fxe5 dxe5 22. Ned5 Nxd5 23. exd5 Bg4 24. Rxf7 Bxd1 25. Qxe5 Bf6 26. Qe4 Kg8 27. Rxf6 gxf6 28. Qxh7+ Kf8 29. Bg6 Ra7 30. Bh6+ 1-0


[Site "https://www.chess.com"]

[Event "Titled Tuesday Blitz December 7 2021"]
[White "Zia, Tahsin Tajwar"]
[Black "Gabrielian, Artur"]
[WhiteFideId "10211888"]
[BlackFideId "4131002"]
[WhiteElo "1800"]
[BlackElo "2440"]
[Result "0-1"]
[Round "05"]
[TimeControl "180+1"]
[Date "2021.12.07"]
[WhiteClock "0:01:02"]
[BlackClock "0:01:55"]

1. d4 Nf6 2. Bf4 g6 3. Nc3 d5 4. e3 Bg7 5. h4 h5 6. Nf3 O-O 7. Qd2 c5 8. Ne5 cxd4 9. exd4 Nc6 10. f3 Bf5 11. a3 Rc8 12. Bd3 Nxd4 13. Bxf5 Nxf5 14. g4 Nd6 15. Bh6 d4 16. Ne2 Bxh6 17. Qxh6 Qa5+ 18. b4 Qxe5 19. f4 Qe3 20. Rd1 Nxg4 0-1


[Site "https://www.chess.com"]

[Event "Titled Tuesday Blitz December 7 2021"]
[White "Adewumi, Tanitoluwa"]
[Black "Sanal, Vahap"]
[WhiteFideId "30966396"]
[BlackFideId "6300545"]
[WhiteElo "2552"]
[BlackElo "2499"]
[Result "1-0"]
[Round "06"]
[TimeControl "180+1"]
[Date "2021.12.07"]
[WhiteClock "0:00:51"]
[BlackClock "0:02:17"]

1. d4 d6 2. e4 Nf6 3. Nc3 e5 4. Nf3 Nbd7 5. Bc4 Be7 6. O-O O-O 7. Re1 c6 8. Bb3 h6 9. Nh4 exd4 10. Qxd4 Nc5 11. Nf5 Bxf5 12. exf5 d5 13. Bf4 Bd6 14. Bxd6 Qxd6 15. Rad1 Rfe8 16. f3 a5 17. a3 1-0


[Site "https://www.chess.com"]

[Event "Titled Tuesday Blitz December 7 2021"]
[White "Adly, Ahmed"]
[Black "Piesik, Piotr"]
[WhiteFideId "10601619"]
[BlackFideId "1136194"]
[WhiteElo "2656"]
[BlackElo "2336"]
[Result "1/2-1/2"]
[Round "06"]
[TimeControl "180+1"]
[Date "2021.12.07"]
[WhiteClock "0:00:16"]
[BlackClock "0:00:58"]

1. Nf3 g6 2. h4 h5 3. e4 Bg7 4. d4 c6 5. Nc3 d5 6. Bf4 Bg4 7. e5 Nh6 8. Be2 Nf5 9. Ng5 Bxe2 10. Nxe2 e6 11. c3 Bf8 12. Ng3 c5 13. Nxf5 gxf5 14. Be3 cxd4 15. Bxd4 Nc6 16. Qb3 Qc7 17. O-O Be7 18. f4 Bxg5 19. hxg5 Nxd4 20. cxd4 Rc8 21. Qa4+ Kf8 22. Qxa7 h4 23. Rf3 Qc2 24. Qxb7 Kg7 25. Qe7 Qxb2 26. Qf6+ Kg8 27. Raf1 h3 28. gxh3 Qxd4+ 29. R1f2 Rc1+ 30. Kh2 Qd1 31. Qd8+ Kg7 32. Qf6+ Kg8 33. Rf1 Qe2+ 34. Kg3 Rxf1 35. Qd8+ Kg7 36. Qf6+ Kg8 37. Qd8+ Kh7 38. g6+ fxg6 39. Qe7+ Kh6 40. Qh4+ Kg7 41. Qe7+ Kh6 42. Qh4+ Kg7 43. Qe7+ Kh6 1/2-1/2


[Site "https://www.chess.com"]

[Event "Titled Tuesday Blitz December 7 2021"]
[White "Akbas, Umut Ata"]
[Black "Myshakov, Fyodor"]
[WhiteFideId "44572646"]
[BlackFideId "14111284"]
[WhiteElo "1590"]
[BlackElo "2310"]
[Result "0-1"]
[Round "06"]
[TimeControl "180+1"]
[Date "2021.12.07"]
[WhiteClock "0:00:15"]
[BlackClock "0:00:43"]

1. c4 c6 2. e3 d5 3. Nf3 Nf6 4. b3 Bg4 5. Bb2 e6 6. h3 Bh5 7. g4 Bg6 8. Ne5 Bd6 9. Nxg6 hxg6 10. Bg2 Qc7 11. d3 Nbd7 12. Nd2 Be5 13. d4 Bd6 14. Qe2 Bb4 15. O-O-O Bxd2+ 16. Qxd2 O-O-O 17. Qb4 Nb6 18. c5 Nbd7 19. Bc3 b6 20. cxb6 axb6 21. Kb1 Kb7 22. Rc1 Ra8 23. Qe7 Nb8 24. Qxc7+ Kxc7 25. f3 Nbd7 26. e4 Kb7 27. e5 Ne8 28. f4 Nc7 29. Bb2 Rh4 30. Rhf1 f5 31. exf6 gxf6 32. Rfe1 f5 33. Re2 Rah8 34. gxf5 gxf5 35. Rf1 Rg8 36. a4 Nf6 37. Bc3 Ne4 38. Be1 Rh6 39. h4 Rhg6 40. Bf3 Rg1 41. Rxg1 Rxg1 42. Kc2 Ne8 43. h5 N8f6 44. Bh4 Nxh5 45. Bxh5 Rh1 46. Bf7 Rxh4 47. Bxe6 Rxf4 48. Rh2 Ng5 49. Bg8 Rxd4 50. Rf2 f4 51. Rg2 Ne4 52. Rg7+ Kb8 53. Be6 f3 54. Bd7 f2 55. Rf7 Rd2+ 56. Kc1 Re2 57. Bh3 d4 58. Kd1 d3 59. Rf4 Nc3+ 60. Kc1 Rc2# 0-1


[Site "https://www.chess.com"]

[Event "Titled Tuesday Blitz December 7 2021"]
[White "Andreikin, Dmitry"]
[Black "Holt, Conrad"]
[WhiteFideId "4158814"]
[BlackFideId "2034387"]
[WhiteElo "2736"]
[BlackElo "2586"]
[Result "0-1"]
[Round "06"]
[TimeControl "180+1"]
[Date "2021.12.07"]
[WhiteClock "0:00:02"]
[BlackClock "0:00:19"]

1. e4 e6 2. d4 d5 3. exd5 exd5 4. Nf3 Bd6 5. Bd3 Nc6 6. c3 Bg4 7. O-O Nge7 8. Re1 Qd7 9. Nbd2 O-O-O 10. b4 Ng6 11. Nb3 Rde8 12. Be3 Nce7 13. Nc5 Bxc5 14. dxc5 Nf5 15. c6 bxc6 16. Qa4 Nxe3 17. Qxa7 Kd8 18. Ng5 Re5 19. Bxg6 Rxg5 20. Bxf7 Qxf7 21. Qxe3 Rg6 22. Kh1 Re8 23. Qg3 Bd7 24. Qh4+ Kc8 25. f3 Qf6 26. Qf2 Kb7 27. h3 Qxc3 28. a4 Rge6 29. Rec1 Qe3 30. Qb2 Rh6 0-1


[Site "https://www.chess.com"]

[Event "Titled Tuesday Blitz December 7 2021"]
[White "Arencibia Monduy, Antonio"]
[Black "Faizrakhmanov, Ramil"]
[WhiteFideId "3507939"]
[BlackFideId "24103209"]
[WhiteElo "2611"]
[BlackElo "2396"]
[Result "1-0"]
[Round "06"]
[TimeControl "180+1"]
[Date "2021.12.07"]
[WhiteClock "0:02:05"]
[BlackClock "0:01:38"]

1. c4 Nf6 2. Nf3 g6 3. g3 Bg7 4. Bg2 O-O 5. O-O d6 6. Nc3 Nc6 7. b3 e5 8. Bb2 h6 9. d3 Be6 10. e3 Qd7 11. Re1 Bh3 12. Bh1 Rae8 13. a3 a5 14. d4 Bg4 15. d5 e4 16. dxc6 bxc6 17. Nxe4 Nxe4 18. Bxg7 Kxg7 19. Qc2 Qe7 20. Nd2 Nxd2 21. Qxd2 Rb8 22. Qd4+ Kg8 23. Qxg4 Rxb3 24. Bxc6 Rfb8 25. Bd5 Rb2 26. Qxg6+ Kh8 27. Qxh6+ Kg8 28. Rad1 c5 29. e4 1-0


[Site "https://www.chess.com"]

[Event "Titled Tuesday Blitz December 7 2021"]
[White "Artemenko, Oleg"]
[Black "Sanchez, Robert"]
[WhiteFideId "14201798"]
[BlackFideId "2034360"]
[WhiteElo "2287"]
[BlackElo "2352"]
[Result "1-0"]
[Round "06"]
[TimeControl "180+1"]
[Date "2021.12.07"]
[WhiteClock "0:00:15"]
[BlackClock "0:00:01"]

1. d4 Nf6 2. Nc3 e6 3. Bf4 Bb4 4. e3 Ne4 5. Ne2 g5 6. Be5 f6 7. Bg3 h5 8. h4 Nxg3 9. Nxg3 g4 10. Bd3 f5 11. a3 Be7 12. Nge2 Bxh4 13. g3 Bg5 14. e4 d6 15. d5 e5 16. exf5 Nd7 17. Ne4 Bf6 18. N2c3 a6 19. Qe2 Qe7 20. O-O-O b5 21. Rh2 Nb6 22. Rdh1 Bxf5 23. Rxh5 Rxh5 24. Rxh5 Bd7 25. Rh7 Qf8 26. f4 O-O-O 27. f5 Bxf5 28. Nxd6+ Qxd6 29. Bxf5+ Kb8 30. Ne4 Qxd5 31. Nxf6 Qa2 32. Bd7 Qa1+ 33. Kd2 Qxb2 34. Qd3 Nc4+ 35. Ke2 Qc1 36. Ne4 Qg1 37. Nf2 Qg2 38. Bc6 Rxd3 39. Bxg2 Rxg3 40. Bd5 Rxa3 41. Nd3 Rc3 42. Bxc4 Rxc2+ 43. Ke3 Rxc4 44. Nxe5 Rc3+ 45. Kd4 Rc1 46. Nd7+ Kb7 47. Nc5+ Kb6 48. Nb3 c5+ 49. Ke4 Rc4+ 50. Kd3 Rf4 51. Rh6+ Kc7 52. Nxc5 Rf3+ 53. Kd4 g3 54. Nxa6+ Kd7 55. Rg6 b4 56. Nxb4 Ke7 57. Nd3 Kf7 58. Ne5+ 1-0


[Site "https://www.chess.com"]

[Event "Titled Tuesday Blitz December 7 2021"]
[White "Atakhan, Abtin"]
[Black "Xie, Bryan"]
[WhiteFideId "22502203"]
[BlackFideId "30941296"]
[WhiteElo "2119"]
[BlackElo "1899"]
[Result "1-0"]
[Round "06"]
[TimeControl "180+1"]
[Date "2021.12.07"]
[WhiteClock "0:01:09"]
[BlackClock "0:00:06"]

1. e4 c5 2. Nc3 Nc6 3. Bb5 Nd4 4. Nf3 g6 5. O-O Bg7 6. Nxd4 cxd4 7. Ne2 a6 8. Bd3 d5 9. c3 dxe4 10. Bxe4 Nf6 11. Bf3 d3 12. Nd4 e5 13. Re1 Qd6 14. Qa4+ Bd7 15. Qa5 O-O 16. Nb3 e4 17. Bd1 b6 18. Qg5 Rfe8 19. Nd4 Nd5 20. b4 Be5 21. Qh4 b5 22. Bb3 Nf4 23. Bb2 Bxd4 24. cxd4 Ne2+ 25. Kh1 Nxd4 26. Rxe4 Nxb3 27. Qxh7+ Kf8 28. Rh4 Nxd2 29. Qh6+ Ke7 30. Qg5+ Kf8 31. Rh8# 1-0


[Site "https://www.chess.com"]

[Event "Titled Tuesday Blitz December 7 2021"]
[White "Azadaliyev, Jahandar"]
[Black "Walter, Szymon"]
[WhiteFideId "13425811"]
[BlackFideId "1172590"]
[WhiteElo "1795"]
[BlackElo "2227"]
[Result "1-0"]
[Round "06"]
[TimeControl "180+1"]
[Date "2021.12.07"]
[WhiteClock "0:00:11"]
[BlackClock "0:00:11"]

1. d4 d6 2. Nf3 Nf6 3. g3 g6 4. Bg2 Bg7 5. O-O O-O 6. c4 Nc6 7. Nc3 Bg4 8. Bg5 h6 9. Bc1 Bxf3 10. Bxf3 Nd7 11. e3 e5 12. d5 Ne7 13. e4 f5 14. Be3 f4 15. Bd2 g5 16. Bg4 Nf6 17. Be6+ Kh8 18. b4 Ng6 19. c5 h5 20. Rc1 dxc5 21. bxc5 g4 22. Qb3 h4 23. Bf5 Ne7 24. Qxb7 Rb8 25. Qxa7 Nxf5 26. exf5 Nxd5 27. Rfd1 hxg3 28. hxg3 fxg3 29. fxg3 e4 30. Be3 c6 31. Nxd5 cxd5 32. c6 Ra8 33. Qd7 Rxa2 34. Qxd8 Rxd8 35. c7 Rc8 36. Rxd5 Bf6 37. Rd6 Kg7 38. Rd7+ Kg8 39. Rcd1 Raa8 40. Bd4 Bxd4+ 41. R1xd4 e3 42. Rxg4+ Kf8 43. Re4 Re8 44. Rxe8+ Rxe8 45. Rd8 e2 46. Rxe8+ 1-0


[Site "https://www.chess.com"]

[Event "Titled Tuesday Blitz December 7 2021"]
[White "Bacrot, Etienne"]
[Black "Gurevich, Dmitry"]
[WhiteFideId "605506"]
[BlackFideId "2000407"]
[WhiteElo "2673"]
[BlackElo "2506"]
[Result "0-1"]
[Round "06"]
[TimeControl "180+1"]
[Date "2021.12.07"]
[WhiteClock "0:00:10"]
[BlackClock "0:00:48"]

1. e4 c5 2. Nf3 d6 3. Bb5+ Bd7 4. Bxd7+ Qxd7 5. O-O Nc6 6. Re1 Nf6 7. c3 e6 8. d4 cxd4 9. cxd4 d5 10. e5 Ne4 11. Nbd2 Nxd2 12. Bxd2 Be7 13. Rc1 O-O 14. h4 h6 15. h5 Rac8 16. Bc3 Bb4 17. Re3 Bxc3 18. bxc3 Ne7 19. Ne1 Rc6 20. Nd3 Rfc8 21. Qd2 Qc7 22. Nf4 b5 23. a3 a5 24. Rg3 Nf5 25. Rf3 b4 26. axb4 axb4 27. Nxd5 exd5 28. Rxf5 Rxc3 29. Re1 Rc1 30. Qxb4 Qd7 31. Rf4 Qd8 32. g3 Qg5 33. Kg2 Qxh5 34. Qa5 R8c4 35. Qd2 Rxe1 36. Qxe1 Qg6 37. Qd2 Rc2 38. Qb4 Rc1 39. Qb3 Qh5 40. Rh4 Qe2 41. Qf3 Rg1+ 0-1


[Site "https://www.chess.com"]

[Event "Titled Tuesday Blitz December 7 2021"]
[White "Baskin, Robert"]
[Black "Ozen, Bahadir"]
[WhiteFideId "24662402"]
[BlackFideId "6337058"]
[WhiteElo "2488"]
[BlackElo "2503"]
[Result "0-1"]
[Round "06"]
[TimeControl "180+1"]
[Date "2021.12.07"]
[WhiteClock "0:00:02"]
[BlackClock "0:00:18"]

1. e4 c6 2. d4 d5 3. exd5 cxd5 4. c4 Nf6 5. Nc3 Nc6 6. Bg5 dxc4 7. Bxc4 Qxd4 8. Qxd4 Nxd4 9. O-O-O e5 10. f4 h6 11. Bh4 Bg4 12. Nf3 Rc8 13. Bxf7+ Kxf7 14. Nxe5+ Kg8 15. Rxd4 Bc5 16. Rd3 Bf5 17. Rg3 Bf2 18. Rxg7+ Kxg7 19. Bxf2 Rhd8 20. g4 Bh7 21. Re1 Ne4 22. Bxa7 Nxc3 23. bxc3 Rxc3+ 24. Kb2 Rh3 25. Re2 b6 26. Bxb6 Rb8 27. Nd7 Rb7 28. Re7+ Kh8 29. Ka1 Rd3 30. Re8+ Bg8 31. Nf6 Rd1+ 32. Kb2 Rxb6+ 33. Kc2 Rxf6 34. Kxd1 Rxf4 35. h3 Ra4 36. Ke2 Rxa2+ 37. Kf3 Ra3+ 38. Kg2 Kg7 39. Re5 Kf6 40. Rf5+ Kg6 41. Rc5 Rd3 42. Re5 Kf6 43. Rf5+ Kg7 44. h4 Bd5+ 45. Kh2 Kg6 46. Re5 Bf7 47. Rf5 Re3 48. Rf4 Be6 49. Kg2 Rc3 50. Kh2 Rb3 51. Kg2 Rb2+ 52. Kg3 Rb1 53. Kg2 Rb7 54. Kf3 Rb8 55. Kg3 Rg8 56. Re4 Kf6 57. Kf3 Bd5 0-1


[Site "https://www.chess.com"]

[Event "Titled Tuesday Blitz December 7 2021"]
[White "Bayasgalan, Khishigbaatar"]
[Black "Kim, Sergey"]
[WhiteFideId "4904311"]
[BlackFideId "13700570"]
[WhiteElo "1624"]
[BlackElo "2603"]
[Result "1-0"]
[Round "06"]
[TimeControl "180+1"]
[Date "2021.12.07"]
[WhiteClock "0:00:11"]
[BlackClock "0:00:02"]

1. d4 Nf6 2. c4 g6 3. Nc3 Bg7 4. e4 d6 5. f4 O-O 6. Nf3 c5 7. d5 b5 8. cxb5 a6 9. bxa6 Qa5 10. Bd2 Bxa6 11. Bxa6 Qxa6 12. Qe2 Nfd7 13. Qxa6 Nxa6 14. O-O Rfb8 15. Rab1 c4 16. Rfe1 Nac5 17. e5 Nd3 18. Re4 Nxb2 19. e6 Nc5 20. exf7+ Kxf7 21. Ng5+ Ke8 22. Re2 h6 23. Ne6 Nxe6 24. Rxe6 Bf6 25. Ne4 Bd4+ 26. Kf1 Kf7 27. g4 Nd3 28. Rxb8 Rxb8 29. f5 gxf5 30. gxf5 Rb1+ 31. Ke2 Rb2 32. Kf3 Ne5+ 33. Kg3 Rxa2 34. Bxh6 Ra3+ 35. Kg2 Ra2+ 36. Kh3 Ra3+ 37. Kh4 Nf3+ 38. Kh5 Ra2 39. h3 Rg2 40. h4 c3 41. Ng5+ Nxg5 42. Bxg5 Bf6 43. Bxf6 exf6 44. Rxd6 c2 45. Rd7+ Ke8 46. Rc7 Kd8 47. Rc6 Ke7 48. Kh6 Kd7 49. h5 Ke7 50. Kh7 Kf7 51. Rc7+ Kf8 52. h6 Ke8 53. Rc8+ Kf7 54. d6 Rd2 55. Rc7+ Kf8 56. Rc8+ Kf7 57. d7 Rxd7 58. Rxc2 Re7 59. Rc8 Rd7 60. Rg8 Rd5 61. Rg7+ Kf8 62. Kg6 Rd1 63. h7 Rg1+ 64. Kxf6 Rxg7 65. h8=Q+ 1-0


[Site "https://www.chess.com"]